[Event "Schachfestival Open-A 2018"]
[Site "Lueneburg"]
[Date "2018.07.07"]
[Round "3"]
[White "Mirzoev, Azer"]
[Black "Ngo, Minh Duc"]
[Result "1-0"]
[ECO "D31"]
[WhiteElo "2506"]
[BlackElo "2191"]
[Annotator "ChessBase"]
[PlyCount "65"]
[EventDate "2018.07.06"]
[EventType "swiss"]
[EventCountry "GER"]
[SourceTitle "playchess.com"]
[Source "ChessBase"]
[SourceQuality "1"]
[TimeControl "40/5400+30:1800+30"]

1. d4 d5 2. c4 e6 3. Nc3 c6 4. e3 f5 5. Bd3 Nf6 6. Nge2 Bd6 7. O-O Ne4 8. f3 Nxc3 9. bxc3 O-O 10. h3 Nd7 11. cxd5 exd5 12. c4 Nf6 13. cxd5 cxd5 14. Bd2 Bb8 15. Qb3 Nh5 16. e4 b6 17. Bb4 Rf7 18. Qxd5 Qxd5 19. exd5 a5 20. Ba3 Bd7 21. Rab1 Nf4 22. Nxf4 Bxf4 23. Rxb6 Be3+ 24. Kh1 Bxd4 25. Rb7 Rc8 26. Rxd7 Rxd7 27. Bxf5 Rc3 28. Be6+ Rf7 29. Bb2 Rd3 30. Bxd4 Rxd4 31. Rc1 g6 32. Rc7 Rdf4 33. d6 1-0

[Event "Schachfestival Open-A 2018"]
[Site "Lueneburg"]
[Date "2018.07.07"]
[Round "3"]
[White "Karpatchev, Aleksandr"]
[Black "Herrmann, Andreas"]
[Result "1-0"]
[ECO "B22"]
[WhiteElo "2469"]
[BlackElo "2171"]
[Annotator "ChessBase"]
[PlyCount "79"]
[EventDate "2018.07.06"]
[EventType "swiss"]
[EventCountry "GER"]
[SourceTitle "playchess.com"]
[Source "ChessBase"]
[SourceQuality "1"]
[TimeControl "40/5400+30:1800+30"]

1. e4 c5 2. c3 d6 3. d4 Nf6 4. Bd3 Nbd7 5. Nf3 e6 6. O-O a6 7. e5 dxe5 8. dxe5 Nd5 9. a4 Qc7 10. Qe2 b6 11. Na3 Be7 12. Re1 O-O 13. Qe4 f5 14. exf6 N7xf6 15. Qh4 g6 16. Bg5 Nh5 17. Bxe7 Nxe7 18. Ng5 Rf4 19. Qh3 e5 20. Qe3 c4 21. Bxc4+ Rxc4 22. Nxc4 Qxc4 23. Qxe5 Ra7 24. Rad1 Qc7 25. Rd6 h6 26. Ne6 Bxe6 27. Qxe6+ Kh7 28. Rxb6 Ng7 29. Qd6 Qxd6 30. Rxd6 a5 31. Red1 Nef5 32. Rd7 Ra6 33. R1d5 h5 34. Kf1 Kh6 35. Rb5 Nd6 36. Rb8 g5 37. b4 axb4 38. cxb4 Ngf5 39. a5 Rc6 40. Rb6 1-0

[Event "Schachfestival Open-A 2018"]
[Site "Lueneburg"]
[Date "2018.07.07"]
[Round "3"]
[White "Genov, Petar"]
[Black "Moeller, Dustin"]
[Result "1-0"]
[ECO "A13"]
[WhiteElo "2435"]
[BlackElo "2140"]
[Annotator "NA"]
[PlyCount "57"]
[EventDate "2018.07.06"]
[EventType "swiss"]
[EventCountry "GER"]
[SourceTitle "playchess.com"]
[Source "ChessBase"]
[SourceQuality "1"]
[TimeControl "40/5400+30:1800+30"]

1. c4 e6 2. Nf3 Nf6 3. b3 d5 4. Bb2 Be7 5. e3 O-O 6. Be2 c5 7. O-O Nc6 8. cxd5 exd5 9. d4 b6 10. Ne5 Nxe5 11. dxe5 Ne8 12. f4 f6 13. Nd2 fxe5 14. Bxe5 Bf6 15. Nf3 Bb7 16. Qd2 Bxe5 17. Nxe5 Nf6 18. b4 Qe7 19. bxc5 Ne4 20. Qc2 Qxc5 21. Qd3 Ba6 22. Qxa6 Qxe3+ 23. Kh1 Nf2+ 24. Rxf2 Qxf2 25. Bf3 Rad8 26. Rg1 Rxf4 27. Nd3 Qd4 28. Nxf4 Qxf4 29. Qxa7 1-0

[Event "Schachfestival Open-A 2018"]
[Site "Lueneburg"]
[Date "2018.07.07"]
[Round "3"]
[White "Kumsiashvili, Nikoloz"]
[Black "Ploder, Udo"]
[Result "1/2-1/2"]
[ECO "A58"]
[WhiteElo "2411"]
[BlackElo "1874"]
[Annotator "NA"]
[PlyCount "66"]
[EventDate "2018.07.06"]
[EventType "swiss"]
[EventCountry "GER"]
[SourceTitle "playchess.com"]
[Source "ChessBase"]
[SourceQuality "1"]
[TimeControl "40/5400+30:1800+30"]

1. d4 Nf6 2. c4 c5 3. d5 b5 4. cxb5 a6 5. bxa6 $11 {[%emt 0:00:14] LiveBook: 5157 Games} g6 6. Nc3 Bg7 7. e4 O-O 8. e5 Ne8 9. Nf3 Qa5 10. Be2 Bxa6 11. O-O d6 12. Bxa6 Nxa6 13. Qe2 Nec7 14. Bf4 Rfe8 15. Nd2 Nb4 16. Nc4 Qa6 17. Rfd1 dxe5 18. Bxe5 Bxe5 19. Qxe5 Qxc4 20. Qxc7 Nxa2 21. Nxa2 Rxa2 22. Rac1 Qb4 23. Re1 Qxb2 24. Qxc5 Raa8 25. Rb1 Qf6 26. Qc6 Kg7 27. Qxf6+ Kxf6 28. Rb6+ Kg7 29. h3 Red8 30. Rxe7 Rxd5 31. Rbb7 Rf5 32. Ra7 Rb8 33. Rab7 Ra8 1/2-1/2

[Event "Schachfestival Open-A 2018"]
[Site "Lueneburg"]
[Date "2018.07.07"]
[Round "3"]
[White "Colpe, Malte"]
[Black "Marzik, Hans"]
[Result "1-0"]
[ECO "A48"]
[WhiteElo "2382"]
[BlackElo "2121"]
[Annotator "NA"]
[PlyCount "72"]
[EventDate "2018.07.06"]
[EventType "swiss"]
[EventCountry "GER"]
[SourceTitle "playchess.com"]
[Source "ChessBase"]
[SourceQuality "1"]
[TimeControl "40/5400+30:1800+30"]

1. d4 Nf6 2. Nf3 g6 3. Bg5 Bg7 4. Nbd2 O-O 5. c3 d6 6. e4 b6 7. Bd3 h6 8. Bh4 Ba6 9. Bxa6 Nxa6 10. O-O c5 11. Qe2 Nc7 12. Rfd1 Re8 13. e5 Nfd5 14. dxc5 dxc5 15. Nc4 Qc8 16. Rd2 Qe6 17. Bg3 Rac8 18. a4 a6 19. Na3 Qc6 20. Qe4 b5 21. axb5 axb5 22. Rad1 Nb4 23. Qe2 Nba6 24. Nc2 Ne6 25. h4 Rcd8 26. h5 g5 27. Ne3 Rxd2 28. Rxd2 Rd8 29. Rxd8+ Nxd8 30. Nf5 Bf8 31. Nh2 Qe6 32. Qe4 c4 33. Nd4 Qb6 34. Ng4 Nc5 35. Qd5 Kh7 36. Kh2 Nde6 1-0

[Event "Schachfestival Open-A 2018"]
[Site "Lueneburg"]
[Date "2018.07.07"]
[Round "3"]
[White "Weishaeutel, Moritz"]
[Black "Hoffmann, Lennard"]
[Result "1-0"]
[ECO "B51"]
[WhiteElo "2236"]
[BlackElo "1981"]
[Annotator "NA"]
[PlyCount "115"]
[EventDate "2018.07.06"]
[EventType "swiss"]
[EventCountry "GER"]
[SourceTitle "playchess.com"]
[Source "ChessBase"]
[SourceQuality "1"]
[TimeControl "40/5400+30:1800+30"]

1. e4 c5 2. Nf3 d6 3. Bb5+ Nc6 4. O-O Bd7 5. Re1 Nf6 6. c3 a6 7. Ba4 g6 8. d4 cxd4 9. cxd4 Bg7 10. e5 dxe5 11. dxe5 Ng4 12. Bf4 Qb6 13. Qe2 Rd8 14. Nc3 O-O 15. h3 Nh6 16. Nd5 Qc5 17. Red1 Nf5 18. b4 Qa7 19. g4 Nfd4 20. Nxd4 Nxd4 21. Rxd4 Bxa4 22. Nxe7+ Kh8 23. Rxd8 Rxd8 24. Qc4 b5 25. Qxf7 Qd4 26. Rc1 Rf8 27. Rc8 Rxc8 28. Nxc8 Qxb4 29. Qe8+ Qf8 30. Qxf8+ Bxf8 31. e6 Bc5 32. Bd6 Bxd6 33. Nxd6 b4 34. e7 a5 35. g5 Bc6 36. Nc4 a4 37. f4 a3 38. Kf2 b3 39. Na5 Kg7 40. Nxb3 Kf7 41. Nd4 Ba4 42. Ke3 Kxe7 43. Kd3 Kd6 44. Kc4 Bd7 45. h4 Bg4 46. Nb5+ Ke6 47. Nxa3 Kf5 48. Nb5 Kxf4 49. a4 Bf3 50. a5 Bb7 51. Kc5 Kg4 52. Kb6 Ba8 53. Nc7 Bf3 54. a6 Kxh4 55. Ne6 Ba8 56. Kc7 Kg4 57. a7 Kf5 58. Kb8 1-0

[Event "Schachfestival Open-A 2018"]
[Site "Lueneburg"]
[Date "2018.07.07"]
[Round "3"]
[White "Boehm, Juergen"]
[Black "Malakhatko, Vadim"]
[Result "0-1"]
[ECO "E11"]
[WhiteElo "2233"]
[BlackElo "2499"]
[Annotator "ChessBase"]
[PlyCount "66"]
[EventDate "2018.07.06"]
[EventType "swiss"]
[EventCountry "GER"]
[SourceTitle "playchess.com"]
[Source "ChessBase"]
[SourceQuality "1"]
[TimeControl "40/5400+30:1800+30"]

1. d4 e6 2. c4 Bb4+ 3. Nd2 Nf6 4. Ngf3 a5 5. e3 b6 6. Bd3 Bb7 7. O-O d5 8. a3 Be7 9. Qc2 c5 10. cxd5 exd5 11. dxc5 bxc5 12. Bb5+ Nbd7 13. e4 O-O 14. exd5 Bxd5 15. Nc4 Bxf3 16. gxf3 Nb6 17. Bf4 Nxc4 18. Qxc4 Nh5 19. Rad1 Qb6 20. Be5 Rad8 21. a4 Bf6 22. Bxf6 Qxf6 23. Qg4 Nf4 24. Rfe1 h5 25. Qg3 h4 26. Qg4 g6 27. h3 Kg7 28. Bc4 Rfe8 29. b3 Rd4 30. Rxe8 Rxd1+ 31. Kh2 Qa1 32. Qxh4 Rh1+ 33. Kg3 Nh5+ 0-1

[Event "Schachfestival Open-A 2018"]
[Site "Lueneburg"]
[Date "2018.07.07"]
[Round "3"]
[White "Bente, Bjoern"]
[Black "Vorobiov, Evgeny E"]
[Result "0-1"]
[ECO "B57"]
[WhiteElo "2219"]
[BlackElo "2564"]
[Annotator "RC"]
[PlyCount "101"]
[EventDate "2018.07.06"]
[EventType "swiss"]
[EventCountry "GER"]
[SourceTitle "playchess.com"]
[Source "ChessBase"]
[SourceQuality "1"]
[TimeControl "40/5400+30:1800+30"]

1. e4 c5 2. Nf3 d6 3. d4 cxd4 4. Nxd4 Nf6 5. Nc3 Nc6 6. Bc4 Qb6 7. Nb3 e6 8. Bf4 Ne5 9. Bb5+ Bd7 10. Qd4 Qxd4 11. Nxd4 Rc8 12. O-O-O a6 13. Bxd7+ Nfxd7 14. f3 Be7 15. Kb1 g5 16. Bc1 h5 17. Nce2 h4 18. h3 Rg8 19. Bd2 Nf6 20. Bc3 Nh5 21. Rhg1 Ng6 22. Nb3 Nhf4 23. Nxf4 Nxf4 24. Bb4 d5 25. Bxe7 Kxe7 26. exd5 Nxd5 27. Nd4 Nf4 28. Rde1 Rgd8 29. c3 Kf6 30. Ne2 Rd2 31. Nxf4 gxf4 32. Rd1 Rcd8 33. Kc1 Rxd1+ 34. Rxd1 Rg8 35. Rd2 e5 36. Kd1 Ke6 37. c4 Rc8 38. b3 Rc6 39. Ke2 Rd6 40. Rxd6+ Kxd6 41. b4 f5 42. Kd3 Ke6 43. a3 Kd6 44. Kc3 e4 45. Kd4 e3 46. Kc3 Ke5 47. Kd3 a5 48. bxa5 Kd6 49. Kc3 Kc7 50. Kd3 Kb8 51. Kd4 0-1

[Event "Schachfestival Open-A 2018"]
[Site "Lueneburg"]
[Date "2018.07.07"]
[Round "3"]
[White "Ramme, Christoph"]
[Black "Nyenhuis, Yannek"]
[Result "1-0"]
[ECO "E06"]
[WhiteElo "2158"]
[BlackElo "1825"]
[Annotator "NA"]
[PlyCount "69"]
[EventDate "2018.07.06"]
[EventType "swiss"]
[EventCountry "GER"]
[SourceTitle "playchess.com"]
[Source "ChessBase"]
[SourceQuality "1"]
[TimeControl "40/5400+30:1800+30"]

1. d4 d5 2. Nf3 Nf6 3. c4 e6 4. g3 Be7 5. Bg2 O-O 6. O-O dxc4 7. Qc2 a6 8. a4 Bd7 9. Qxc4 Bc6 10. Bf4 Nbd7 11. Nc3 Rc8 12. Qb3 Nd5 13. Bd2 Nxc3 14. bxc3 Be4 15. Bf4 c5 16. Nd2 Bxg2 17. Kxg2 cxd4 18. cxd4 Bg5 19. Qxb7 Bxf4 20. gxf4 Nf6 21. Nf3 Nd5 22. e3 Qf6 23. Qb1 Rc3 24. Qe4 Ne7 25. Rfc1 Rxc1 26. Rxc1 Nf5 27. Qb7 Qg6+ 28. Kh1 Qh5 29. Ne5 Nh4 30. Qxa6 Re8 31. Qb7 f6 32. Rg1 g5 33. a5 h6 34. Ng4 Rf8 35. a6 1-0

[Event "Schachfestival Open-A 2018"]
[Site "Lueneburg"]
[Date "2018.07.07"]
[Round "3"]
[White "Utiatskaja, Irina"]
[Black "Sebastian, Dirk"]
[Result "1/2-1/2"]
[ECO "B09"]
[WhiteElo "2155"]
[BlackElo "2447"]
[Annotator "NA"]
[PlyCount "88"]
[EventDate "2018.07.06"]
[EventType "swiss"]
[EventCountry "GER"]
[SourceTitle "playchess.com"]
[Source "ChessBase"]
[SourceQuality "1"]
[TimeControl "40/5400+30:1800+30"]

1. e4 d6 2. d4 Nf6 3. Nc3 g6 4. f4 Bg7 5. Nf3 $11 c5 6. dxc5 Qa5 7. Qd4 O-O 8. Bd2 Nc6 9. Qc4 Qxc5 10. Qxc5 dxc5 11. e5 Ne8 12. Be3 Nc7 13. Bxc5 f6 14. exf6 Bxf6 15. g3 Bg4 16. Bc4+ Kg7 17. O-O Rac8 18. Ne5 Nxe5 19. fxe5 Bxe5 20. Bxe7 Rxf1+ 21. Rxf1 Be6 22. Bxe6 Nxe6 23. Kg2 Rc7 24. Bb4 Nd4 25. Bf8+ Kg8 26. Bh6 Nf5 27. Bd2 Bxc3 28. bxc3 h5 29. Re1 Kf7 30. Re4 Rc6 31. h3 Nd6 32. Rd4 Ke6 33. Bf4 Nb5 34. Rb4 a6 35. c4 Nd4 36. c5 Nxc2 37. Rxb7 Rxc5 38. Rb6+ Kf5 39. Rxa6 Nb4 40. Ra4 Rc2+ 41. Kf3 Rc3+ 42. Ke2 Nd5 43. Ra5 Ke4 44. Ra4+ Kf5 1/2-1/2

[Event "Schachfestival Open-A 2018"]
[Site "Lueneburg"]
[Date "2018.07.07"]
[Round "3"]
[White "Puschendorf, Steffen"]
[Black "Simantsev, Mikhail"]
[Result "0-1"]
[ECO "A62"]
[WhiteElo "2153"]
[BlackElo "2434"]
[Annotator "NA"]
[PlyCount "66"]
[EventDate "2018.07.06"]
[EventType "swiss"]
[EventCountry "GER"]
[SourceTitle "playchess.com"]
[Source "ChessBase"]
[SourceQuality "1"]
[TimeControl "40/5400+30:1800+30"]

1. d4 Nf6 2. c4 e6 3. g3 c5 4. d5 exd5 5. cxd5 d6 6. Nc3 g6 7. Bg2 Bg7 8. Nf3 O-O 9. O-O Re8 10. Bf4 Na6 11. Re1 Bg4 12. h3 Bxf3 13. Bxf3 Nd7 14. e4 Ne5 15. Be2 Nc7 16. a4 a6 17. g4 Rb8 18. Qd2 b5 19. Bg3 bxa4 20. f4 Nd7 21. e5 dxe5 22. f5 Rb4 23. Rxa4 Rd4 24. Qc2 Nb6 25. Ra5 Nbxd5 26. Bf3 Nb4 27. Qg2 Nd3 28. Rf1 Nf4 29. Bxf4 exf4 30. Bc6 Rd2 31. Qf3 Bd4+ 32. Kh1 Re3 33. fxg6 hxg6 0-1

[Event "Schachfestival Open-A 2018"]
[Site "Lueneburg"]
[Date "2018.07.07"]
[Round "3"]
[White "Bogachkova, Alena"]
[Black "Sriram, Jha"]
[Result "0-1"]
[ECO "C24"]
[WhiteElo "2135"]
[BlackElo "2409"]
[Annotator "NA"]
[PlyCount "86"]
[EventDate "2018.07.06"]
[EventType "swiss"]
[EventCountry "GER"]
[SourceTitle "playchess.com"]
[Source "ChessBase"]
[SourceQuality "1"]
[TimeControl "40/5400+30:1800+30"]

1. e4 e5 2. Bc4 Nf6 3. d3 Nc6 4. Nc3 Na5 5. Bb3 Be7 6. f4 Nxb3 7. axb3 d6 8. Nf3 exf4 9. Bxf4 O-O 10. O-O Bg4 11. h3 Bh5 12. Qe1 Re8 13. Qf2 a6 14. Rae1 Nd7 15. Nd4 Bg6 16. Nd5 Bf8 17. Bg3 f6 18. Nf5 c6 19. Nc3 Qc7 20. Qf4 Ne5 21. d4 Nf7 22. Nh4 Bh5 23. Qd2 b5 24. Qd3 Ng5 25. Nf3 Bxf3 26. gxf3 Nxh3+ 27. Kh2 Ng5 28. f4 Nf7 29. d5 b4 30. Nd1 cxd5 31. exd5 Rac8 32. Ne3 Nh6 33. Kg2 Qd7 34. Qxa6 Nf5 35. Qd3 Nxe3+ 36. Rxe3 Rxe3 37. Qxe3 Qf5 38. Qe6+ Qxe6 39. dxe6 Rxc2+ 40. Kf3 Rxb2 41. Ra1 Rxb3+ 42. Ke2 Rxg3 43. Ra8 Ra3 0-1

[Event "Schachfestival Open-A 2018"]
[Site "Lueneburg"]
[Date "2018.07.07"]
[Round "3"]
[White "Stabolewski, Andreas"]
[Black "Fabregas, Oliver"]
[Result "1/2-1/2"]
[ECO "A05"]
[WhiteElo "2129"]
[BlackElo "1955"]
[Annotator "NA"]
[PlyCount "81"]
[EventDate "2018.07.06"]
[EventType "swiss"]
[EventCountry "GER"]
[SourceTitle "playchess.com"]
[Source "ChessBase"]
[SourceQuality "1"]
[TimeControl "40/5400+30:1800+30"]

1. Nf3 Nf6 2. c4 b6 3. Nc3 Bb7 4. d4 g6 5. d5 Bg7 6. e4 d6 7. Be2 O-O 8. O-O c5 9. Bf4 Nh5 10. Be3 a6 11. Qd2 Qc7 12. Rad1 Nd7 13. Bh6 Rad8 14. Bxg7 Kxg7 15. Ng5 Nhf6 16. f4 Kg8 17. h4 h6 18. Nh3 Kg7 19. a4 Rfe8 20. Bf3 Bc8 21. g4 Nf8 22. f5 N6d7 23. g5 hxg5 24. Nxg5 Ne5 25. Be2 f6 26. h5 fxg5 27. hxg6 Nfd7 28. Qxg5 Nf6 29. Kf2 Rh8 30. Rh1 Rdg8 31. Rh7+ Nxh7 32. gxh7+ Kf8 33. hxg8=Q+ Rxg8 34. Qh6+ Ke8 35. Qh7 Rf8 36. Qg7 Qd8 37. Rh1 Kd7 38. Rh7 Rf7 39. Qh6 Rxh7 40. Qxh7 Qf8 41. Bf1 1/2-1/2

[Event "Schachfestival Open-A 2018"]
[Site "Lueneburg"]
[Date "2018.07.07"]
[Round "3"]
[White "Bajorski, Marius"]
[Black "Kardoeus, David"]
[Result "0-1"]
[ECO "B33"]
[WhiteElo "2060"]
[BlackElo "2188"]
[Annotator "NA"]
[PlyCount "62"]
[EventDate "2018.07.06"]
[EventType "swiss"]
[EventCountry "GER"]
[SourceTitle "playchess.com"]
[Source "ChessBase"]
[SourceQuality "1"]
[TimeControl "40/5400+30:1800+30"]

1. e4 c5 2. Nf3 Nc6 3. d4 cxd4 4. Nxd4 Nf6 5. Nc3 e5 6. Ndb5 d6 7. Bg5 a6 8. Na3 b5 9. Nd5 Be7 10. Bxf6 Bxf6 11. c3 O-O 12. Nc2 Bg5 13. a4 bxa4 14. Rxa4 Rb8 15. Ncb4 Nxb4 16. Nxb4 Bb7 17. Nxa6 Bxa6 18. Rxa6 Rxb2 19. Rxd6 Qb8 20. Qd5 Bd2+ 21. Qxd2 Rxd2 22. Rxd2 Qb1+ 23. Ke2 Qxe4+ 24. Kd1 Qb1+ 25. Ke2 Rb8 26. f3 e4 27. fxe4 Qxe4+ 28. Kf2 Qf4+ 29. Ke1 Rb1+ 30. Ke2 Qe4+ 31. Kf2 Qe1+ 0-1

[Event "Schachfestival Open-A 2018"]
[Site "Lueneburg"]
[Date "2018.07.07"]
[Round "3"]
[White "Hesse, Henrik"]
[Black "Hess, Christian Mathias"]
[Result "1/2-1/2"]
[ECO "A11"]
[WhiteElo "2057"]
[BlackElo "2243"]
[Annotator "NA"]
[PlyCount "99"]
[EventDate "2018.07.06"]
[EventType "swiss"]
[EventCountry "GER"]
[SourceTitle "playchess.com"]
[Source "ChessBase"]
[SourceQuality "1"]
[TimeControl "40/5400+30:1800+30"]

1. c4 c6 2. g3 Nf6 3. Nf3 g6 4. b3 Bg7 5. Bb2 O-O 6. Bg2 d6 7. d4 Nbd7 8. O-O Re8 9. Re1 e5 10. dxe5 dxe5 11. Nxe5 Ng4 12. Nxc6 bxc6 13. Bxg7 Kxg7 14. Qd4+ Qf6 15. Qxf6+ Ngxf6 16. Bxc6 Rb8 17. Nc3 Bb7 18. Bxb7 Rxb7 19. e4 Ne5 20. Kg2 Rd7 21. Nd5 Nd3 22. Red1 Nc5 23. Nxf6 Kxf6 24. Rxd7 Nxd7 25. f3 Ne5 26. Rd1 Re6 27. Rd2 g5 28. f4 gxf4 29. gxf4 Nxc4 30. bxc4 Rxe4 31. Rd6+ Kf5 32. Rd7 Re2+ 33. Kf3 Rxa2 34. Rxf7+ Kg6 35. Rc7 a5 36. h4 a4 37. Ra7 a3 38. Ke4 Re2+ 39. Kd5 a2 40. c5 Kf5 41. c6 Kxf4 42. c7 Rc2 43. Kd6 Rd2+ 44. Ke6 Rc2 45. Ra4+ Kg3 46. Kd7 Rd2+ 47. Kc6 Rc2+ 48. Kd6 Rd2+ 49. Ke6 Rc2 50. Kd6 1/2-1/2

[Event "Schachfestival Open-A 2018"]
[Site "Lueneburg"]
[Date "2018.07.07"]
[Round "3"]
[White "Litfin, Boris"]
[Black "Thorsbro, Peter"]
[Result "0-1"]
[ECO "C44"]
[WhiteElo "2007"]
[BlackElo "2116"]
[Annotator "NA"]
[PlyCount "60"]
[EventDate "2018.07.06"]
[EventType "swiss"]
[EventCountry "GER"]
[SourceTitle "playchess.com"]
[Source "ChessBase"]
[SourceQuality "1"]
[TimeControl "40/5400+30:1800+30"]

1. e4 e5 2. Nf3 Nc6 3. d4 exd4 4. Nxd4 Bb4+ 5. c3 Bc5 6. Be3 Bb6 7. Bc4 d6 8. O-O Nge7 9. Bg5 Ne5 10. Bb3 h6 11. Bh4 g5 12. Bg3 Bg4 13. Qc2 Qd7 14. a4 a6 15. a5 Ba7 16. Kh1 N7g6 17. Nd2 O-O-O 18. Nf5 Be2 19. Ba4 c6 20. Rfe1 Bd3 21. Qd1 h5 22. Nf3 h4 23. Bxe5 dxe5 24. Qb3 h3 25. Nxg5 hxg2+ 26. Kg1 Nf4 27. Rad1 Rdg8 28. Rxd3 Rxg5 29. Bxc6 bxc6 30. Qxf7 Bxf2+ 0-1